 Dungeon Crawl Stone Soup version 0.18.1-50-g88ac8fd (console) character file.

870 Kloppie the Spear-Bearer (level 8, -15/62 HPs)
             Began as a Merfolk Berserker on Oct 10, 2016.
             Was a Priest of Trog.
             Demolished by a decayed bog body (17 damage)
             ... in an ossuary.
             The game lasted 00:05:30 (3089 turns).

Kloppie the Spear-Bearer (Merfolk Berserker)        Turns: 3089, Time: 00:05:31

Health: -15/62     AC:  8    Str: 17    XL:     8   Next: 3%
Magic:  8/8        EV: 12    Int:  6    God:    Trog [***...]
Gold:   219        SH:  0    Dex: 16    Spells: 0 memorised, 7 levels left

rFire  . . .     SeeInvis .     a - +0 spear (flame)
rCold  . . .     Gourm    .     e - +0 ring mail
rNeg   . . .     Faith    .     (no shield)
rPois  .         Spirit   .     h - +0 helmet
rElec  .         Dismiss  .     u - +0 cloak
rCorr  .         Reflect  .     (no gloves)
SustAt .         Harm     .     (no boots)
MR     .....                    (no amulet)
Stlth  +.........               (no ring)
                                (no ring)

@: not resistant to hostile enchantments, very unstealthy
A: change form in water, swift swim
a: Berserk, Trog's Hand, Burn Spellbooks, Renounce Religion


You were in an ossuary.
You worshipped Trog.
Trog was most pleased with you.
You were not hungry.

You visited 1 branch of the dungeon, and saw 5 of its levels.
You also visited: Ossuary.

You collected 219 gold pieces.

Inventory:

Hand Weapons
 a - a +0 spear of flaming (weapon)
 n - a +0 spear
 E - a +0 trident
Armour
 e - a +0 ring mail (worn)
 h - a +0 helmet (worn)
 u - a +0 cloak (worn)
 z - a cursed +0 buckler
 F - a +0 shield
Jewellery
 l - a +3 amulet of reflection {unknown}
 t - an uncursed ring of protection from cold {unknown}
Wands
 y - a wand of confusion (16/48)
Scrolls
 b - a scroll of enchant weapon {unknown}
 f - 3 scrolls of identify {unknown}
 m - a scroll of noise {unknown}
 o - a scroll of fear {unknown}
 q - 3 scrolls of remove curse {unknown}
 r - a scroll of random uselessness {unknown}
 s - a scroll of magic mapping {unknown}
 A - a scroll of enchant armour {unknown}
 C - a scroll of teleportation {unknown}
 D - a scroll of fog {unknown}
Potions
 d - 2 potions of magic {unknown}
 i - a potion of invisibility {unknown}
 j - a potion of degeneration {unknown}
 k - a potion of curing {unknown}
 p - 3 potions of cancellation {unknown}
 v - 2 potions of ambrosia {unknown}
 B - a potion of lignification {unknown}
Comestibles
 c - 4 bread rations
 g - a meat ration
 x - 2 beef jerkies


   Skills:
 - Level 5.2 Fighting
 + Level 9.6 Polearms
 - Level 3.5 Armour
 - Level 2.6 Dodging
 + Level 2.5 Shields


You had 7 spell levels left.
You didn't know any spells.

Dungeon Overview and Level Annotations

Branches:
Dungeon (5/15)
 Temple: D:4-7

Altars:
Xom


Message History

There is an open door, spattered with blood here.
You hit the decayed bog body.
The decayed bog body is lightly damaged.
Your skin stops crawling.
You feel less resistant to hostile enchantments.
The decayed bog body misses you.
The decayed bog body touches you but does no damage.
You hit the decayed bog body. You burn the decayed bog body.
The decayed bog body is moderately damaged.
You hit the decayed bog body.
The decayed bog body is severely damaged.
The decayed bog body hits you!
* * * LOW HITPOINT WARNING * * *
The decayed bog body misses you.
You barely miss the decayed bog body.
The decayed bog body is severely damaged.
You hit the decayed bog body but do no damage.
The decayed bog body is severely damaged.
The decayed bog body hits you!
You die...

##### #∩..#
###.∩.# #.#...#
M##≈##≈##@##≈###
≈.≈≈≈≈.≈≈n.≈≈.P#
≈≈.≈≈#.≈.#+#≈≈≈≈#
.#. #P#P≈. ####
#≈##≈≈≈≈ #≈
≈≈#≈≈≈ ≈# ### ≈≈
# #


You could see a decayed bog body.

Vanquished Creatures
  Menkaure (D:5)
  An orc warrior (D:4)
  2 ogres
  Blork the orc (D:4)
  A howler monkey (D:4)
  A bog body (Ossuary)
  Jessica (D:3)
  2 iguanas (D:4)
  Natasha (thrice) (D:3)
  10 adders
  An adder zombie (Ossuary)
  4 worms
  4 dart slugs
  5 orcs
  7 bats
  2 giant cockroaches
  4 goblins
  4 hobgoblins
  6 jackals (D:3)
  8 ball pythons
  3 giant newts
  A jackal skeleton (D:4)
  6 kobolds
  8 rats
86 creatures vanquished.

Notes
Turn   | Place    | Note
--------------------------------------------------------------
     0 | D:1      | Kloppie the Merfolk Berserker began the quest for the Orb.
     0 | D:1      | Reached XP level 1. HP: 18/18 MP: 1/1
   121 | D:1      | Reached XP level 2. HP: 21/24 MP: 2/2
   375 | D:1      | Reached skill level 5 in Polearms
   515 | D:2      | Found a faded altar to an unknown god.
   531 | D:2      | Reached XP level 3. HP: 25/29 MP: 3/3
   678 | D:2      | Reached ** piety under Trog
   961 | D:2      | Reached XP level 4. HP: 35/35 MP: 4/4
  1070 | D:2      | Reached skill level 6 in Polearms
  1091 | D:2      | HP: 1/35 [poisoned by an adder]
  1338 | D:2      | Reached XP level 5. HP: 32/41 MP: 5/5
  1384 | D:3      | Found a shimmering altar of Xom.
  1440 | D:3      | Noticed Natasha
  1449 | D:3      | Killed Natasha
  1503 | D:3      | Noticed Natasha
  1513 | D:3      | Killed Natasha
  1801 | D:3      | Noticed Natasha
  1813 | D:3      | Killed Natasha
  1830 | D:3      | Noticed Jessica
  1840 | D:3      | Killed Jessica
  1840 | D:3      | Reached XP level 6. HP: 36/47 MP: 6/6
  1844 | D:3      | Reached *** piety under Trog
  1844 | D:3      | Reached skill level 7 in Polearms
  2303 | D:4      | Noticed Blork the orc
  2321 | D:4      | Killed Blork the orc
  2478 | D:4      | Reached skill level 8 in Polearms
  2478 | D:4      | Reached XP level 7. HP: 38/55 MP: 7/7
  2676 | D:4      | Reached skill level 5 in Fighting
  2995 | D:5      | Entered Level 5 of the Dungeon
  3004 | D:5      | Reached skill level 9 in Polearms
  3004 | D:5      | Reached skill level 1 in Shields
  3012 | D:5      | Noticed Menkaure
  3019 | D:5      | Killed Menkaure
  3053 | D:5      | Found a sand-covered staircase.
  3061 | Ossuary  | Entered an ossuary
  3077 | Ossuary  | Reached XP level 8. HP: 22/62 MP: 8/8
  3087 | Ossuary  | HP: 2/62 [decayed bog body (7)]
  3089 | Ossuary  | Demolished by a decayed bog body

Skill      XL: |  1  2  3  4  5  6  7 |
---------------+----------------------+-----
Polearms       | 5 6 8 9 |  9.6
Armour         | 2 3 |  3.5
Fighting       | 4 5 |  5.2
Shields        | 2 |  2.5
Dodging        | |  2.6

Action                   |  1- 3 |  4- 6 |  7- 9 || total
-------------------------+-------+-------+-------++-------
Melee: Spear             |   110 |   199 |    63 ||   372
       Tailslap          |       |       |     1 ||     1
Invok: Berserk           |     1 |     1 |     3 ||     5
       Trog's Hand       |       |       |     2 ||     2
 Stab: Sleeping          |     1 |       |       ||     1
  Eat: Chunk             |     1 |     5 |     5 ||    11
       Meat ration       |       |       |     1 ||     1
Armor: Ring mail         |    18 |    37 |    20 ||    75
Dodge: Dodged            |    31 |    71 |    14 ||   116
